 Dungeon Crawl Stone Soup version 0.31-a0-1321-g5021b54cb2 (webtiles) character file.

Game seed: 15025848539082693744

451891 Iich the Slayer (level 22, 0/232 HPs)
             Began as a Demonspawn Fighter on Dec 18, 2023.
             Was an Initiate of Gozag.
             Hit by a large rock thrown by Parghit (24 damage)
             ... on level 3 of the Depths on Dec 20, 2023.
             The game lasted 01:54:06 (46312 turns).

Iich the Slayer (Demonspawn Fighter)               Turns: 46312, Time: 01:54:07

Health: 0/232      AC: 32    Str: 21    XL:     22   Next: 91%
Magic:  24/24      EV: 22    Int: 11    God:    Gozag
Gold:   4741       SH: 17    Dex: 17    Spells: 21/21 levels left

rFire   + . .        a - +9 broad axe (drain)
rCold   . . .        e - +3 kite shield of Complete Protection {rPois rN+}
rNeg    + . .        x - +6 plate armour {rF+}
rPois   +            w - +1 helmet
rElec   +            E - +2 cloak {Stlth+}
rCorr   .            (gloves unavailable)
SInv    .            Y - +2 pair of boots {Stlth+}
Will    +....        U - amulet of the Rose {rElec Regen+ Str-4 Slay+3}
Stlth   +++++        s - +5 ring of evasion
HPRegen 1.38/turn    R - +5 ring of evasion
MPRegen 0.19/turn

%: no passive effects
@: studying 2 skills
A: thin skeletal structure 2, demonic guardian 3, powered by death 3, robust 2,
demonic touch 3, high MP 1, screaming 1, MP-powered wands
}: 3/15 runes: decaying, abyssal, gossamer
a: Renounce Religion, Potion Petition, Call Merchant, Bribe Branch


You were on level 3 of the Depths.
You worshipped Gozag.
Gozag was most pleased with you.
You visited 9 branches of the dungeon, and saw 41 of its levels.
You visited the Abyss 4 times.
You also visited: Ice Cave, Volcano and Wizlab.

You collected 21869 gold pieces.
You spent 7693 gold pieces at shops.
You paid 9435 gold pieces to Gozag.

Inventory:

Hand Weapons
 a - a +9 broad axe of draining (weapon)
 b - a +0 vampiric broad axe
 c - a +4 spectral broad axe
Missiles
 f - 3 throwing nets
Armour
 e - the +3 kite shield of Complete Protection (worn) {rPois rN+}
   (You found it on level 13 of the Dungeon)

   rPois:     It protects you from poison rN+: It protects you from negative
   energy.
 w - a +1 helmet (worn)
 x - a +6 plate armour of fire resistance (worn)
 E - a +2 cloak of stealth (worn)
 W - a +0 tower shield
 Y - a +2 pair of boots of stealth (worn)
Jewellery
 o - a +6 ring of strength
 s - a +5 ring of evasion (left hand)
 I - a ring of protection from cold
 M - a ring of protection from fire
 R - a +5 ring of evasion (right hand)
 S - a ring of see invisible
 U - the amulet of the Rose (around neck) {rElec Regen+ Str-4 Slay+3}
   (You found it on level 5 of the Lair of Beasts)

   [amulet of regeneration]

   Str-4:     It affects your strength (-4).
   Slay+3:    It affects your accuracy & damage with ranged weapons and melee
   (+3).
   rElec:     It insulates you from electricity.
   Regen+:    It increases your rate of health regeneration.
Talismans
 z - a talisman of death
Wands
 m - a wand of flame (74)
 A - a wand of mindburst (14)
 D - a wand of digging (11)
 L - a wand of roots (31)
 N - a wand of acid (19)
 O - a wand of polymorph (25)
 V - a wand of paralysis (39)
Scrolls
 g - 6 scrolls of fear
 i - a scroll of butterflies
 j - 5 scrolls of fog
 k - 6 scrolls of immolation
 r - 7 scrolls of revelation
 t - 11 scrolls of teleportation
 B - 6 scrolls of blinking
 F - 2 scrolls of brand weapon
 J - 3 scrolls of silence
 T - 9 scrolls of poison
Potions
 d - a potion of might
 h - 6 potions of haste
 l - 6 potions of heal wounds
 n - a potion of resistance
 p - 10 potions of ambrosia
 q - 17 potions of curing
 u - 8 potions of lignification
 v - 9 potions of cancellation
 C - 2 potions of mutation
 G - 4 potions of attraction
 K - 11 potions of enlightenment
 P - 5 potions of brilliance
 Q - 3 potions of invisibility
 X - 3 potions of berserk rage
 Z - 2 potions of magic
Miscellaneous
 y - a lightning rod (4/4)
 H - a condenser vane


   Skills:
 + Level 21.3 Fighting
 + Level 20.2 Axes
 - Level 3.1 Ranged Weapons
 - Level 14.9 Armour
 + Level 12.0 Dodging
 - Level 11.2 Stealth
 - Level 14.8 Shields
 * Level 12.7 Shapeshifting


You had 21 spell levels left.
You didn't know any spells.
Your spell library contained the following spells:

 Spells                   Type           Power      Damage    Failure   Level
 Apportation              Tloc           0%         N/A       99%         1
 Foxfire                  Conj/Fire      0%         2x1d4     99%         1
 Freeze                   Ice            0%         1d3       99%         1
 Magic Dart               Conj           0%         1d3       99%         1
 Sandblast                Erth           0%         2d4       99%         1
 Shock                    Conj/Air       0%         1d3       99%         1
 Sting                    Conj/Alch      0%         1d3       99%         1
 Summon Small Mammal      Summ           0%         N/A       99%         1
 Blink                    Tloc           0%         N/A       100%        2
 Call Imp                 Summ           0%         N/A       100%        2
 Ensorcelled Hibernation  Hex/Ice        0%         N/A       100%        2
 Jinxbite                 Hex            0%         N/A       100%        2
 Lesser Beckoning         Tloc           0%         N/A       100%        2
 Mercury Vapours          Alch/Air       0%         N/A       100%        2
 Momentum Strike          Conj/Tloc      0%         3d8       100%        2
 Passwall                 Alch/Erth      0%         N/A       100%        2
 Sublimation of Blood     Necr           0%         N/A       100%        2
 Call Canine Familiar     Summ           0%         N/A       100%        3
 Frozen Ramparts          Ice            0%         1d1       100%        3
 Fugue of the Fallen      Necr           0%         N/A       100%        3
 Hailstorm                Conj/Ice       0%         3d5       100%        3
 Inner Flame              Hex/Fire       0%         N/A       100%        3
 Mephitic Cloud           Conj/Alch/Air  0%         N/A       100%        3
 Ozocubu's Armour         Ice            0%         N/A       100%        3
 Sigil of Binding         Hex            0%         N/A       100%        3
 Stone Arrow              Conj/Erth      0%         3d7       100%        3
 Summon Guardian Golem    Hex/Summ       0%         N/A       100%        3
 Swiftness                Air            0%         N/A       100%        3
 Tukima's Dance           Hex            0%         N/A       100%        3
 Airstrike                Air            0%         2d(0-16)  100%        4
 Anguish                  Hex/Necr       0%         N/A       100%        4
 Brom's Barrelling Bould  Conj/Erth      0%         2d3       100%        4
 Cause Fear               Hex            0%         N/A       100%        4
 Dimensional Bullseye     Hex/Tloc       0%         N/A       100%        4
 Flame Wave               Conj/Fire      0%         2d4       100%        4
 Ignite Poison            Fire/Alch      0%         N/A       100%        4
 Iskenderun's Mystic Bla  Conj/Tloc      0%         2d3       100%        4
 Olgreb's Toxic Radiance  Alch           0%         N/A       100%        4
 Petrify                  Alch/Erth      0%         N/A       100%        4
 Sticky Flame             Fire/Alch      0%         2d4       100%        4
 Summon Ice Beast         Ice/Summ       0%         N/A       100%        4
 Vhi's Electric Charge    Tloc/Air       0%         N/A       100%        4
 Alistair's Intoxication  Alch           0%         N/A       100%        5
 Arcjolt                  Conj/Air       0%         1d10      100%        5
 Borgnjor's Vile Clutch   Necr/Erth      0%         N/A       100%        5
 Fireball                 Conj/Fire      0%         3d3       100%        5
 Freezing Cloud           Conj/Ice/Air   0%         6-21      100%        5
 Irradiate                Conj/Alch      0%         3d11      100%        5
 Iskenderun's Battlesphe  Conj           0%         2d6       100%        5
 Metabolic Englaciation   Hex/Ice        0%         N/A       100%        5
 Summon Mana Viper        Hex/Summ       0%         N/A       100%        5
 Bombard                  Conj/Erth      0%         9d1       100%        6
 Conjure Ball Lightning   Conj/Air       0%         3x3d6     100%        6
 Eringya's Noxious Bog    Alch           0%         4d6       100%        6
 Plasma Beam              Fire/Air       0%         2x1d10    100%        6
 Starburst                Conj/Fire      0%         6d3       100%        6
 Haunt                    Necr/Summ      0%         N/A       100%        7
 Malign Gateway           Summ/Tloc      0%         N/A       100%        7
 Monstrous Menagerie      Summ           0%         N/A       100%        7
 Orb of Destruction       Conj           0%         9d5       100%        7
 Ozocubu's Refrigeration  Ice            0%         4d7       100%        7
 Spellforged Servitor     Conj/Summ      0%         N/A       100%        7
 Summon Hydra             Summ           0%         N/A       100%        7
 Ignition                 Fire           0%         3d3       100%        8
 Infestation              Necr           0%         N/A       100%        8
 Maxwell's Capacitive Co  Air            0%         ∞         100%        8
 Summon Horrible Things   Summ           0%         N/A       100%        8
 Dragon's Call            Summ           0%         N/A       100%        9
 Polar Vortex             Ice            0%         N/A       100%        9
 Animate Dead             Necr           Unusable   N/A       N/A         4
 Simulacrum               Ice/Necr       Unusable   N/A       N/A         6

Dungeon Overview and Level Annotations

Branches:
Dungeon (15/15)            Temple (1/1) D:7            Lair (5/5) D:8
  Swamp (4/4) Lair:3       Spider (4/4) Lair:3        Slime (0/5) Lair:4
    Orc (2/2) D:10            Elf (3/3) Orc:2        Vaults (4/5) D:13
  Crypt (0/3) Vaults:2     Depths (3/4) D:15          IceCv (visited)
Volcano (visited)          WizLab (visited)

Altars:
Ashenzari
Cheibriados
Dithmenos
Fedhas
Gozag
Hepliaklqana
Kikubaaqudgha
Makhleb
Nemelex Xobeh
Okawaru
Qazlal
Ru
Sif Muna
Trog
Uskayaw
Vehumet
Wu Jian
Xom
Yredelemnul
Jiyva
Lugonu

Shops:
Orc:2 :?*?   Elf:2 *   Lair:3 (*   Vaults:1 [:(*?   Vaults:2 *   Vaults:3 [

Portals:
Hell: Depths:1 Depths:2
Abyss: Lair:5 Depths:1 Depths:2
Pandemonium: Depths:2
Ziggurat: Depths:1
Trove: Vaults:3 (give 8 scrolls of fear)

Annotations:
Lair:4 exclusion: 5 oklob plants
Depths:3 Parghit


Innate Abilities, Weirdness & Mutations

You have a moderately thin skeletal structure. (Dex +4, Stealth++)
A powerful demonic guardian rushes to your aid.
You regenerate a lot of health from kills.
You are very robust. (+20% HP)
Your touch may irresistibly damage your foes and sap their willpower.
You have an increased reservoir of magic. (+10% MP)
You occasionally shout uncontrollably at your foes.
You expend magic power (3 MP) to strengthen your wands.


Message History

You hit Parghit. You drain Parghit.
Parghit is lightly wounded.
Your hell beast bites Parghit.
Your hell beast closely misses Parghit.
Parghit bites you!!
* * * LOW HITPOINT WARNING * * *
You block Parghit's attack. x2
You take 21 damage, and have 55/232 hp.
You slice Parghit!!
Parghit is lightly wounded.
Your hell beast bites Parghit!
Your hell beast barely misses Parghit.
Parghit bites you!
* * * LOW HITPOINT WARNING * * *
You block Parghit's attack. x2
Unknown command.
You take 14 damage, and have 41/232 hp.
You slash Parghit!
Parghit is lightly wounded.
Your hell beast barely misses Parghit. x2
Unknown command.
You closely miss Parghit.
Parghit is lightly wounded.
Your hell beast barely misses Parghit.
Your hell beast closely misses Parghit.
Parghit misses you. You block Parghit's attack. x2
Unknown command.
You slash Parghit! You drain Parghit.
Parghit is lightly wounded.
Your hell beast bites Parghit!
Your hell beast tramples Parghit!
Parghit stumbles backwards!
Parghit bites your hell beast. Parghit claws your hell beast!
Parghit claws your hell beast!!
Your hell beast dies!
Your hell beast disappears in a puff of smoke!
Parghit throws a large rock.
The large rock completely misses you.
You regained 3 hp, and now have 46/232 hp.
Parghit throws a large rock.
The large rock hits you!!
* * * LOW HITPOINT WARNING * * *
You take 26 damage, and have 20/232 hp.
You regained 2 hp, and now have 23/232 hp.
Parghit throws a large rock.
The large rock hits you!!
You die...
Your body crumbles into a pile of gold.

###########....
#..........<...
#.#.#.#.#.....
.####...........#
....#.#.#.#.#...#
#.#.............#
......#.#.#.#..##
#.#....T....@...#
......#$#.#.#...#
#.#...$.$.$.....#
......##$.#.....# .#
.#.####...$...####.#
#. #.............# #
###.........#.#
#........## ###....,


You could see Parghit (drained).

Vanquished Creatures
  Boris (Vaults:2)
  Saint Roka (Vaults:1)
  A Hellbinder (WizLab)
  Nikola (Swamp:3)
  Norris (Depths:2)
  A hellephant (WizLab)
  2 tentacled monstrosities (Abyss:3)
  A lich (Depths:1)
  A deep elf blademaster (Elf:3)
  Asterion (Vaults:2)
  A sphinx (Vaults:4)
  A deep elf master archer (Elf:3)
  A kraken (Abyss:3)
  The ghost of Giseadgh the Bludgeoner, an adept FoFi of Elyvilon (Lair:5)
  A tentacled starspawn (Abyss:4)
  An ancient champion (Vaults:2)
  Gastronok (Lair:3)
  Aizul (Swamp:1)
  2 storm dragons (Depths:2)
  A shadow dragon (Depths:3)
  A tengu reaver (Depths:2)
  2 thorn hunters
  2 fenstrider witches (Swamp:4)
  3 fire giants
  5 frost giants
  12 vault wardens
  Louise (Swamp:2)
  3 deep elf elementalists
  9 deep elf sorcerers
  An iron dragon (Depths:2)
  3 emperor scorpions
  5 balrugs (WizLab)
  The ghost of Ugityfae the Ripper, an adept FeDe of Gozag (Spider:3)
  3 ghost moths
  21 ironbound preservers
  A broodmother (Spider:3)
  15 very ugly things
  7 stone giants
  A formless jellyfish (Vaults:2)
  An orc warlord (Orc:2)
  A war gargoyle (Vaults:3)
  6 deep elf demonologists
  A spriggan defender (Depths:2)
  10 ironbound thunderhulks
  A black draconian (Abyss:3)
  4 deep elf death magi (Elf:3)
  6 bunyips
  3 dire elephants (Vaults:4)
  4 eleionomae
  4 deep elf annihilators (Elf:3)
  3 spark wasps
  A white draconian (IceCv)
  Snorg (Orc:1)
  2 blizzard demons (WizLab)
  4 ettins
  2 crystal guardians (Vaults:1)
  2 green deaths (WizLab)
  12 fire dragons
  5 entropy weavers
  8 great orbs of eyes
  2 deep elf high priests (Elf:3)
  9 ice dragons
  9 yaktaur captains
  18 hydras
  Erolcha (D:13)
  A spriggan air mage (Depths:2)
  A peacekeeper (Vaults:3)
  7 boulder beetles
  2 catoblepae
  2 rakshasas
  12 vault guards
  5 alligators
  7 ghost crabs
  20 centaur warriors
  A hell beast (WizLab)
  2 ogre magi (Orc:2)
  6 ironbound frosthearts
  5 radroaches
  10 two-headed ogres
  2 deep troll shamans (Depths:1)
  A death yak (D:8)
  A tengu warrior (D:15)
  6 deep troll earth magi
  5 demonic crawlers
  3 occultists
  25 dancing weapons
  15 hell knights
  2 spriggan berserkers (Depths:2)
  4 vampire magi
  4 orc high priests
  3 sun demons (WizLab)
  3 thrashing horrors
  A soul eater (WizLab)
  7 iron trolls
  Amaemon (Lair:1)
  14 deep elf knights
  7 skysharks
  A fire crab (Lair:5)
  5 sixfirhies (WizLab)
  3 sun moths
  2 spriggan druids
  4 glowing orange brains
  3 pharaoh ants
  5 skeletal warriors (Vaults:2)
  3 shadow demons (WizLab)
  An obsidian statue (Volcano)
  70 deep trolls
  7 deep elf archers
  10 arcanists
  5 bog bodies
  11 orb spiders
  2 lindwurms (Vaults:2)
  2 goliath frogs (Swamp:2)
  5 swamp dragons
  12 steelbarb worms
  3 large abominations
  Pikel (D:6)
  16 ironbound convokers
  30 deep elf pyromancers
  4 orc knights
  3 wolf spider zombies (Spider:3)
  8 harpies (Vaults:2)
  3 necromancers
  4 spectral wolf spiders (Spider:3)
  8 cyclopes
  2 elf skeletons (Vaults:2)
  36 ugly things
  21 deep elf zephyrmancers
  3 orc sorcerers
  5 moths of wrath
  5 will-o-the-wisps
  4 manticores
  14 elephants
  22 wolf spiders
  6 kobold blastminers
  Maurice (D:7)
  A rust devil (WizLab)
  A cyclops (shapeshifter) (Elf:3)
  2 ice statues (IceCv)
  3 orange demons
  11 vault sentinels
  10 black mambas
  An apocalypse crab (Abyss:3)
  4 smoke demons
  Jeremiah (D:6)
  8 torpor snails
  2 kobold demonologists
  An unseen horror (shapeshifter) (D:13)
  A hellion (WizLab)
  6 rime drakes
  10 komodo dragons
  15 cane toads
  A tormentor (WizLab)
  28 yaktaurs
  4 tengu conjurers
  2 red devils (WizLab)
  A yaktaur (shapeshifter) (Elf:1)
  5 human skeletons (Vaults:2)
  3 meliai (Spider:1)
  An ancient zyme (Abyss:4)
  A troll (shapeshifter) (Lair:5)
  A queen bee (shapeshifter) (Lair:5)
  12 trolls
  4 tyrant leeches
  9 hornets
  A queen bee (Spider:1)
  2 hellwings (WizLab)
  A polar bear (Lair:5)
  16 blink frogs
  4 wolf spider simulacra (Spider:3)
  32 tarantellas
  13 dream sheep
  46 slime creatures
  3 raiju
  24 jumping spiders
  A slime creature (shapeshifter) (Depths:2)
  31 culicivoras
  20 spriggans
  An ettin skeleton (Vaults:2)
  A centaur simulacrum (D:14)
  A jumping spider (shapeshifter) (D:14)
  A vampire (D:12)
  A water elemental (Elf:1)
  2 wraiths
  4 fire bats (Volcano)
  2 shadows
  7 basilisks
  11 wyverns
  A ynoxinul (Lair:5)
  3 air elementals
  32 yaks
  9 humans (D:13)
  4 wargs
  2 steam dragons
  2 fire elementals
  51 redbacks
  2 death yak simulacra (D:12)
  2 chaos spawn (Lair:5)
  12 vampire mosquitoes
  An acid dragon (D:8)
  9 swamp worms
  An ogre skeleton (Vaults:2)
  2 glowing shapeshifter skeletons (Vaults:2)
  19 water moccasins
  20 orc warriors
  9 swamp drakes
  An ice beast (D:7)
  2 black bears
  A sky beast (D:7)
  22 ogres
  20 wolves
  3 boggarts (Lair:4)
  9 centaurs
  11 kobold brigands (Orc:1)
  A gnoll sergeant (D:9)
  12 bullfrogs
  9 scorpions
  7 small abominations (Lair:5)
  5 wights (D:10)
  2 two-headed ogre simulacra (D:12)
  32 killer bees
  3 lindwurm simulacra (IceCv)
  3 electric eels (Lair:1)
  A howler monkey (D:7)
  7 komodo dragon simulacra (IceCv)
  4 lava snakes (Volcano)
  5 hounds
  A jelly (D:4)
  Crazy Yiuf (D:6)
  13 orc priests
  2 gnoll boudas
  23 orc wizards
  3 sleepcaps
  Terence (D:3)
  6 iguanas
  A polar bear simulacrum (D:12)
  A spriggan simulacrum (D:12)
  2 troll simulacra (D:12)
  8 adders
  28 gnolls
  2 acid dragon simulacra (IceCv)
  A white imp (Abyss:4)
  8 steam dragon simulacra (IceCv)
  4 ufetubi
  4 dart slugs
  65 orcs
  10 ball pythons
  8 bats
  9 endoplasms
  8 giant cockroaches
  12 goblins
  9 hobgoblins
  2 jackals (D:2)
  6 quokkas
  2 frilled lizards
  9 kobolds
  10 rats
  2 butterflies (D:8)
  A spectral weapon (Elf:2)
  2 starspawn tentacles (Abyss:4)
  2 tentacles (Abyss:3)
1754 creatures vanquished.

Vanquished Creatures (collateral kills)
  A deep elf blademaster (Elf:3)
  A vault warden (Vaults:1)
  A deep elf sorcerer (Elf:3)
  2 deep elf elementalists (Elf:3)
  A very ugly thing (Depths:3)
  A stone giant (Depths:2)
  An ironbound preserver (Vaults:4)
  An ironbound thunderhulk (Vaults:3)
  A crystal guardian (Vaults:3)
  Fannar (D:12)
  A rakshasa (Depths:2)
  2 hydras
  An ice dragon (Depths:2)
  A centaur warrior (Volcano)
  A deep troll earth mage (Depths:3)
  2 dancing weapons (Elf:2)
  2 deep elf knights (Elf:2)
  A goliath frog (Lair:3)
  2 orb spiders
  A sixfirhy (WizLab)
  An iron troll (Depths:2)
  A spriggan druid (Swamp:2)
  3 deep trolls
  An arcanist (Vaults:3)
  A lindwurm (Swamp:4)
  A deep elf zephyrmancer (Elf:2)
  An ugly thing (Vaults:3)
  An elephant (Lair:3)
  A kobold blastminer (Orc:1)
  A cane toad (Lair:2)
  An unseen horror (D:13)
  A hellion (WizLab)
  A yaktaur (Vaults:3)
  A rime drake (Lair:2)
  A tyrant leech (Swamp:1)
  2 hornets
  A tarantella (Spider:1)
  A dream sheep (Lair:5)
  A blink frog (Lair:2)
  A culicivora (Spider:1)
  A spriggan (Lair:4)
  A wraith (D:12)
  A water elemental (Elf:1)
  A yak (Lair:2)
  2 basilisks
  A redback (Spider:2)
  A steam dragon (D:6)
  A swamp worm (Swamp:1)
  A black bear (D:6)
  3 orc warriors
  3 kobold brigands
  A hound (D:7)
  3 orc priests
  An acid dragon simulacrum (IceCv)
  2 ufetubi (D:6)
  4 orcs
  An endoplasm (D:3)
  A bat (D:3)
77 creatures vanquished.

Vanquished Creatures (others)
  A ghost moth (Spider:4)
  An eleionoma (Swamp:2)
  A blizzard demon (WizLab)
  A shambling mangrove (Abyss:3)
  A hydra (Swamp:1)
  2 fire crabs (Abyss:3)
  A deep elf knight (Elf:1)
  A swamp dragon (Swamp:1)
  A lindwurm (Swamp:4)
  An ugly thing (Vaults:4)
  An apocalypse crab (Abyss:3)
  A rime drake (IceCv)
  3 bloated husks
  A tyrant leech (Swamp:2)
  A jumping spider (Spider:4)
  4 swamp drakes (Swamp:4)
  A sky beast (D:7)
  A black bear (D:8)
  A white imp (D:6)
  28 foxfires
  2 starspawn tentacles (Abyss:4)
  6 tentacles (Abyss:3)
61 creatures vanquished.

Grand Total: 1892 creatures vanquished

Notes
Turn   | Place    | Note
-------+----------+-------------------------------------------
     0 | D:1      | Iich the Demonspawn Fighter began the quest for the Orb.
     0 | D:1      | Reached XP level 1. HP: 18/18 MP: 1/1
   104 | D:1      | Gained mutation: You have a somewhat thin skeletal
                  | structure. (Dex +2, Stealth+) [demonic ancestry]
   104 | D:1      | Reached XP level 2. HP: 15/24 MP: 2/2
   480 | D:1      | Reached skill level 1 in Dodging
   602 | D:1      | Reached XP level 3. HP: 25/29 MP: 3/3
   983 | D:2      | Found a faded altar of an unknown god.
  1076 | D:2      | Identified the staff "Javaq" {rF+ Str+4 Dex+3 Tloc Fire}
  1217 | D:2      | Gained mutation: You regenerate a little health from kills.
                  | [demonic ancestry]
  1217 | D:2      | Reached XP level 4. HP: 22/35 MP: 4/4
  1764 | D:3      | Gained mutation: A weak demonic guardian rushes to your
                  | aid. [demonic ancestry]
  1764 | D:3      | Reached XP level 5. HP: 37/42 MP: 5/5
  1822 | D:3      | Reached skill level 4 in Fighting
  1930 | D:3      | Noticed Terence
  1946 | D:3      | Killed Terence
  2188 | D:3      | Reached XP level 6. HP: 21/48 MP: 6/6
  2450 | D:4      | Noticed a water moccasin
  2461 | D:4      | Killed a water moccasin
  2814 | D:4      | Reached skill level 5 in Axes
  2831 | D:4      | Gained mutation: You regenerate health from kills. [demonic
                  | ancestry]
  2831 | D:4      | Reached XP level 7. HP: 47/55 MP: 7/7
  2946 | D:4      | Reached skill level 5 in Fighting
  3321 | D:4      | Found a hide-covered altar of Uskayaw.
  3411 | D:5      | Entered Level 5 of the Dungeon
  3578 | D:5      | Gained mutation: A demonic guardian rushes to your aid.
                  | [demonic ancestry]
  3578 | D:5      | Reached XP level 8. HP: 62/63 MP: 8/8
  4096 | D:5      | Found a shimmering blue altar of Sif Muna.
  4251 | D:6      | Noticed Pikel
  4276 | D:6      | Killed Pikel
  4277 | D:6      | Reached skill level 6 in Fighting
  4411 | D:6      | Reached skill level 5 in Dodging
  4653 | D:6      | Noticed Jeremiah
  4688 | D:6      | Reached XP level 9. HP: 39/71 MP: 9/9
  4703 | D:6      | Killed Jeremiah
  4928 | D:6      | Found a runed translucent door.
  4929 | D:6      | Noticed Crazy Yiuf
  5072 | D:6      | Killed Crazy Yiuf
  5167 | D:7      | Found a staircase to the Ecumenical Temple.
  5186 | Temple   | Entered the Ecumenical Temple
  5191 | Temple   | Became a worshipper of Gozag Ym Sagoz the Greedy
  5358 | D:7      | Reached skill level 7 in Fighting
  5645 | D:7      | Noticed Maurice
  5649 | D:7      | Something stole a ring of magical power
  5651 | D:7      | Something stole 402 gold
  5658 | D:7      | Something stole 2 throwing nets
  5664 | D:7      | Something stole 69 gold
  5666 | D:7      | Something stole 73 gold
  6296 | D:7      | Killed Maurice
  6651 | D:8      | Found the +3 greatsling "Punk" {acid, rCorr}
  6728 | D:8      | Found a staircase to the Lair.
  6730 | D:8      | Noticed a death yak
  6750 | D:8      | Killed a death yak
  6751 | D:8      | Reached skill level 1 in Ranged Weapons
  6751 | D:8      | Gained mutation: You have a moderately thin skeletal
                  | structure. (Dex +4, Stealth++) [demonic ancestry]
  6751 | D:8      | Reached XP level 10. HP: 13/80 MP: 10/10
  6948 | D:8      | Reached skill level 8 in Fighting
  7139 | D:8      | Identified the amulet of Lehyd Kesif {Faith rPois Str+3
                  | Slay+2 SInv}
  7209 | D:8      | Found a runed translucent door.
  7211 | D:8      | Found a runed translucent door.
  7535 | D:8      | Reached skill level 10 in Axes
  8493 | D:10     | Entered Level 10 of the Dungeon
  8501 | D:10     | Found a sparkling altar of Nemelex Xobeh.
  8503 | D:10     | Found a hazy altar of Hepliaklqana.
  8503 | D:10     | Found a bloodstained altar of Trog.
  8576 | D:10     | Gained mutation: You regenerate a lot of health from kills.
                  | [demonic ancestry]
  8576 | D:10     | Reached XP level 11. HP: 77/87 MP: 11/11
  8602 | D:10     | Found a snail-covered altar of Cheibriados.
  8602 | D:10     | Found an ornate altar of the Wu Jian Council.
  8671 | D:10     | Identified a scroll of acquirement
  8675 | D:10     | Acquired 754 gold pieces
  8951 | D:10     | Found a staircase to the Orcish Mines.
  9288 | Lair:1   | Entered Level 1 of the Lair of Beasts
  9302 | Lair:1   | Reached skill level 9 in Fighting
  9316 | Lair:1   | Reached skill level 5 in Armour
  9318 | Lair:1   | Reached skill level 5 in Shields
  9385 | Lair:1   | You fall into a shaft and drop 1 floor!
  9780 | Lair:1   | Noticed Amaemon
  9805 | Lair:1   | Killed Amaemon
 10223 | Lair:2   | Reached XP level 12. HP: 83/97 MP: 12/12
 10355 | Lair:2   | Reached skill level 10 in Fighting
 11731 | Lair:3   | Gained mutation: You have hidden genetic defects. [potion
                  | of mutation]
 11731 | Lair:3   | Gained mutation: Your muscles are strong. (Str +4, Int/Dex
                  | -1) [potion of mutation]
 11732 | Lair:3   | Lost mutation: You have hidden genetic defects. [potion of
                  | mutation]
 11732 | Lair:3   | Lost mutation: Your muscles are strong. (Str +4, Int/Dex
                  | -1) [potion of mutation]
 11732 | Lair:3   | Gained mutation: You have hidden genetic defects. [potion
                  | of mutation]
 11732 | Lair:3   | Gained mutation: Your muscles are strong. (Str +4, Int/Dex
                  | -1) [potion of mutation]
 11732 | Lair:3   | Gained mutation: You are partially covered in large bone
                  | plates. (SH +4) [potion of mutation]
 11948 | Lair:3   | Noticed a four-headed hydra
 11950 | Lair:3   | a four-headed hydra changed into a spark wasp
 11950 | Lair:3   | Noticed a spark wasp
 11968 | Lair:3   | Killed a spark wasp
 11977 | Lair:3   | Gained mutation: You do not regenerate when monsters are
                  | visible. [hidden defects]
 12340 | Lair:3   | Gained mutation: Your touch may inflict minor irresistible
                  | damage on your foes. [demonic ancestry]
 12340 | Lair:3   | Reached XP level 13. HP: 105/105 MP: 13/13
 12409 | Lair:3   | Found a staircase to the Swamp.
 12475 | Lair:3   | Reached skill level 11 in Fighting
 12600 | Lair:3   | Noticed Gastronok
 12618 | Lair:3   | Killed Gastronok
 12915 | Lair:3   | Found a hole to the Spider Nest.
 13122 | Lair:3   | Bought 2 potions of mutation for 480 gold pieces
 13122 | Lair:3   | Lost mutation: You do not regenerate when monsters are
                  | visible. [potion of mutation]
 13122 | Lair:3   | Lost mutation: You are partially covered in large bone
                  | plates. (SH +4) [potion of mutation]
 13122 | Lair:3   | Gained mutation: You are clumsy. (Dex -2) [potion of
                  | mutation]
 13122 | Lair:3   | Lost mutation: Your muscles are strong. (Str +4, Int/Dex
                  | -1) [potion of mutation]
 13122 | Lair:3   | Gained mutation: You are robust. (+10% HP) [potion of
                  | mutation]
 13123 | Lair:3   | Lost mutation: You are robust. (+10% HP) [potion of
                  | mutation]
 13123 | Lair:3   | Lost mutation: You are clumsy. (Dex -2) [potion of
                  | mutation]
 13123 | Lair:3   | Gained mutation: You expend magic power (3 MP) to
                  | strengthen your wands. [potion of mutation]
 13127 | Lair:3   | Bought a twisted war axe for 238 gold pieces
 13127 | Lair:3   | Identified the +10 war axe of the Final Brambles {heavy,
                  | ^Fragile rN+ Will+} (You bought it in a shop on level 3 of
                  | the Lair of Beasts)
 13166 | Lair:4   | Gained mutation: You occasionally shout uncontrollably at
                  | your foes. [hidden defects]
 13166 | Lair:4   | Lost mutation: You have hidden genetic defects. [hidden
                  | defects expressed]
 13724 | Lair:4   | Found a viscous altar of Jiyva.
 13726 | Lair:4   | Found a staircase to the Slime Pits.
 14820 | Lair:5   | Entered Level 5 of the Lair of Beasts
 14864 | Lair:5   | Reached skill level 12 in Fighting
 14875 | Lair:5   | Found a transporter.
 14879 | Lair:5   | Noticed Giseadgh's ghost (adept FoFi)
 14906 | Lair:5   | Reached skill level 15 in Axes
 15109 | Lair:5   | Gained mutation: Your touch may inflict irresistible damage
                  | on your foes. [demonic ancestry]
 15109 | Lair:5   | Reached XP level 14. HP: 97/115 MP: 14/14
 15162 | Lair:5   | Found a transporter.
 15491 | Lair:5   | Identified the amulet of the Rose {rElec Regen+ Str-4
                  | Slay+3}
 15561 | Lair:5   | Found a corrupted altar of Lugonu.
 15561 | Lair:5   | Found a one-way gate to the infinite horrors of the Abyss.
 16327 | Lair:5   | Killed Giseadgh's ghost
 17352 | D:11     | Reached skill level 13 in Fighting
 17386 | D:11     | Noticed an angel
 17805 | D:12     | Noticed Fannar
 17817 | D:12     | Killed Fannar
 17908 | D:12     | Found a frozen archway.
 17959 | IceCv    | Entered an ice cave
 18846 | D:12     | Upgraded the game from 0.31-a0-1300-gb6740aa4e6 to
                  | 0.31-a0-1308-ga3cce3a448
 19168 | D:13     | Noticed Erolcha
 19173 | D:13     | Paralysed by Erolcha for 2 turns
 19175 | D:13     | Killed Erolcha
 19176 | D:13     | Reached XP level 15. HP: 115/124 MP: 15/15
 19644 | D:13     | Found a gate to the Vaults.
 19647 | D:13     | Identified the +3 kite shield of Complete Protection {rPois
                  | rN+}
 20001 | Orc:1    | Entered Level 1 of the Orcish Mines
 20310 | Orc:1    | Noticed Snorg
 20323 | Orc:1    | Killed Snorg
 20326 | Orc:1    | Found a dark tunnel.
 20353 | Volcano  | Entered a volcano
 20544 | Volcano  | Found a radiant altar of Vehumet.
 20690 | Orc:2    | Entered Level 2 of the Orcish Mines
 20737 | Orc:2    | Reached skill level 14 in Fighting
 20973 | Orc:2    | Found Peisuude's Magic Scroll Shop.
 20977 | Orc:2    | Found Wodofila's Book Boutique.
 20978 | Orc:2    | Found Duphiuf's Assorted Antiques.
 20981 | Orc:2    | Bought a scroll of enchant armour for 97 gold pieces
 20981 | Orc:2    | Bought a scroll of blinking for 97 gold pieces
 21011 | Orc:2    | Found Ullorum's Magic Scroll Boutique.
 21014 | Orc:2    | Bought a pitted plate armour for 672 gold pieces
 21014 | Orc:2    | Identified the +2 plate armour of Poarcheaq {Rampage Will+}
                  | (You bought it in a shop on level 2 of the Orcish Mines)
 21024 | Orc:2    | Bought a pair of boots for 108 gold pieces
 21024 | Orc:2    | Bought a scroll of revelation for 180 gold pieces
 21024 | Orc:2    | Bought a scroll of identify for 48 gold pieces
 21024 | Orc:2    | Bought a scroll of teleportation for 72 gold pieces
 21024 | Orc:2    | Bought a scroll of identify for 48 gold pieces
 21038 | Orc:2    | Bought a scroll of blinking for 120 gold pieces
 21038 | Orc:2    | Bought a scroll of blinking for 120 gold pieces
 21038 | Orc:2    | Bought a scroll of enchant armour for 120 gold pieces
 21069 | Orc:2    | Found a staircase to the Elven Halls.
 21695 | Orc:2    | Bought a scroll of brand weapon for 152 gold pieces
 21913 | D:14     | Gained mutation: Your touch may irresistibly damage your
                  | foes and sap their willpower. [demonic ancestry]
 21913 | D:14     | Reached XP level 16. HP: 133/133 MP: 16/16
 22560 | D:15     | Entered Level 15 of the Dungeon
 22799 | D:15     | Found a staircase to the Depths.
 23572 | Spider:1 | Entered Level 1 of the Spider Nest
 23639 | Lair:3   | Upgraded the game from 0.31-a0-1308-ga3cce3a448 to
                  | 0.31-a0-1321-g5021b54cb2
 23702 | Spider:1 | Reached skill level 10 in Shields
 23710 | Spider:1 | Reached skill level 15 in Fighting
 23710 | Spider:1 | Reached skill level 10 in Armour
 24793 | Spider:2 | Gained mutation: You are robust. (+10% HP) [demonic
                  | ancestry]
 24793 | Spider:2 | Reached XP level 17. HP: 137/157 MP: 17/17
 25448 | Spider:3 | Reached skill level 16 in Fighting
 25750 | Spider:3 | Found a runed translucent door.
 25754 | Spider:3 | Noticed Ugityfae's ghost (adept FeDe)
 26022 | Spider:3 | Killed Ugityfae's ghost
 26225 | Swamp:1  | Entered Level 1 of the Swamp
 26244 | Swamp:1  | Identified the serpent talisman "Veadwon" {*Corrode rN+++
                  | Int+5}
 26244 | Swamp:1  | Noticed Aizul
 26268 | Swamp:1  | Killed Aizul
 26945 | Swamp:2  | Noticed Louise
 26962 | Swamp:2  | Killed Louise
 27090 | Swamp:2  | Found a sacrificial altar of Ru.
 27506 | Swamp:3  | Noticed Nikola
 27526 | Swamp:3  | Killed Nikola
 28380 | Spider:4 | Entered Level 4 of the Spider Nest
 28478 | Spider:4 | Reached skill level 17 in Fighting
 28686 | Spider:4 | Reached XP level 18. HP: 153/169 MP: 18/18
 29138 | Spider:4 | Got a gossamer rune of Zot
 29644 | Swamp:4  | Entered Level 4 of the Swamp
 30099 | Swamp:4  | Paralysed by a spriggan for 3 turns
 30225 | Swamp:4  | Got a decaying rune of Zot
 30768 | Vaults:1 | Entered Level 1 of the Vaults
 30817 | Vaults:1 | Reached skill level 18 in Fighting
 31095 | Vaults:1 | Found Puylam's Book Emporium.
 31103 | Vaults:1 | Bought a manual of Axes for 1520 gold pieces
 31303 | Vaults:1 | Reached skill level 1 in Stealth
 31335 | Vaults:1 | Found Jostrymer's Weapon Shoppe.
 31360 | Vaults:1 | Found Vupel's Magic Scroll Shop.
 31367 | Vaults:1 | Bought a scroll of revelation for 135 gold pieces
 31367 | Vaults:1 | Bought a scroll of enchant armour for 135 gold pieces
 31455 | Vaults:1 | Noticed Saint Roka
 31494 | Vaults:1 | Killed Saint Roka
 31643 | Vaults:1 | Gained mutation: You are very robust. (+20% HP) [demonic
                  | ancestry]
 31643 | Vaults:1 | Reached XP level 19. HP: 143/195 MP: 19/19
 31656 | Vaults:1 | Reached skill level 10 in Dodging
 31913 | Vaults:1 | Found Peag Cey's Antique Armour Emporium.
 32144 | Vaults:1 | Found Suagepol's Spherical Supermarket.
 32490 | Lair:3   | Bought fine fire dragon scales for 1950 gold pieces
 32490 | Lair:3   | Identified the +1 fire dragon scales of Tortured Salvation
                  | {rPois rF++ rC- Str-2 Int+3 Stlth+} (You bought it in a
                  | shop on level 3 of the Lair of Beasts)
 32746 | Vaults:2 | Noticed Boris
 32746 | Vaults:2 | Found Larysh's General Store.
 32770 | Vaults:2 | Killed Boris
 32815 | Vaults:2 | Bought a box of beasts for 760 gold pieces
 32815 | Vaults:2 | Bought a potion of heal wounds for 95 gold pieces
 32917 | Vaults:2 | Noticed Asterion
 32929 | Vaults:2 | Killed Asterion
 33649 | Vaults:2 | Found a staircase to the Crypt.
 33952 | Vaults:2 | Reached skill level 5 in Stealth
 34101 | Vaults:2 | Identified the +4 ring mail of the Shoals {Str+3}
 34265 | Vaults:2 | Reached XP level 20. HP: 206/206 MP: 20/20
 34587 | Vaults:3 | Reached skill level 19 in Fighting
 35000 | Vaults:3 | Reached skill level 1 in Shapeshifting
 35181 | Vaults:3 | Found a portal to a secret trove of treasure.
 35284 | Vaults:3 | Found Keosopt's Antique Armour Boutique.
 35658 | Orc:2    | Bought a scroll of fear for 96 gold pieces
 35857 | Lair:3   | Bought a scroll of fear for 120 gold pieces
 36403 | Vaults:3 | Identified the +10 morningstar of Integrity {freeze, Str+2}
 36807 | Vaults:3 | Bought a pair of glowing boots for 330 gold pieces
 36917 | Vaults:4 | Found a magical portal.
 36935 | WizLab   | Entered The Hall of the Hellbinder
 36995 | WizLab   | Reached skill level 5 in Shapeshifting
 37126 | WizLab   | Noticed Ehufeh
 37149 | WizLab   | Gained mutation: You have an increased reservoir of magic.
                  | (+10% MP) [a cacodemon]
 37343 | WizLab   | Found a burning altar of Makhleb.
 37359 | WizLab   | Killed Ehufeh the Hellbinder
 37493 | WizLab   | Identified the +7 arbalest "Orb Guardian's Foe" {flame,
                  | Int+4 Dex+5 SInv}
 37526 | WizLab   | Got the Compilation of Accompaniment
 37675 | Vaults:4 | Paralysed by a sphinx for 5 turns
 38229 | Vaults:4 | Identified the +6 dagger of Profit {venom, ^Drain rElec rC+
                  | MP+9}
 38311 | Vaults:4 | Reached XP level 21. HP: 217/218 MP: 23/23
 38319 | Vaults:4 | Paralysed by a formless jellyfish for 1 turns
 38374 | Vaults:4 | Identified the +4 spear "Gots" {heavy, Str+3}
 39136 | Elf:1    | Entered Level 1 of the Elven Halls
 39862 | Elf:2    | Reached skill level 20 in Fighting
 39925 | Elf:2    | Found Abureck's Alliterative Armaments.
 40505 | Abyss:3  | Cast into level 3 of the Abyss (a deep elf demonologist)
 40586 | Abyss:3  | Got an abyssal rune of Zot
 40645 | Elf:2    | Escaped the Abyss
 40692 | Elf:2    | Found a runed translucent gate.
 40693 | Elf:2    | Found a runed translucent gate.
 40693 | Elf:2    | Found a runed translucent gate.
 40724 | Elf:3    | Entered Level 3 of the Elven Halls
 40972 | Elf:3    | Identified the +8 double sword "Haren" {flame, Str+3}
 41045 | Elf:3    | Identified the +1 halberd of the Healing Ass {flame, rPois}
 41074 | Elf:3    | Identified the +4 scale mail of Umuakk {rC+ Str+2 Int-2}
 41074 | Elf:3    | Identified the ring of Oxohaome {MP+9 Slay+3}
 41320 | Elf:3    | Found a transporter.
 41321 | Elf:3    | Found a transporter.
 41335 | Elf:3    | Found a transporter.
 41337 | Elf:3    | Found a transporter.
 41343 | Elf:3    | Found a transporter.
 41349 | Elf:3    | Found a transporter.
 41633 | Elf:3    | Paralysed by an air elemental for 1 turns
 41700 | Elf:3    | Reached skill level 10 in Stealth
 41720 | Elf:3    | Identified the ring "Xualufal" {Wiz rC+ rN++}
 41738 | Abyss:3  | Cast into level 3 of the Abyss (a deep elf sorcerer)
 41778 | Elf:3    | Escaped the Abyss
 41880 | Abyss:4  | Cast into level 4 of the Abyss (a deep elf demonologist)
 41897 | Abyss:4  | Reached skill level 10 in Shapeshifting
 41901 | Abyss:4  | Found a corrupted altar of Lugonu.
 41935 | Abyss:4  | Found a hide-covered altar of Uskayaw.
 41944 | Elf:3    | Escaped the Abyss
 42138 | Elf:3    | Identified the ring of Arrival {rPois Will+ rCorr}
 42167 | Elf:3    | Identified the staff of Baar Byg {rElec rC+ Air}
 42181 | Elf:3    | Identified the staff "Desatoqos" {Conj Hexes Alchemy}
 42187 | Elf:3    | Identified the +0 plate armour of Pabb {Int+3 Stlth+}
 42635 | Elf:2    | Gained mutation: A powerful demonic guardian rushes to your
                  | aid. [demonic ancestry]
 42635 | Elf:2    | Reached XP level 22. HP: 230/230 MP: 24/24
 42979 | Depths:1 | Entered Level 1 of the Depths
 43450 | Depths:1 | Found a gateway to Hell.
 43653 | Depths:1 | Identified the +10 lajatang of Gloom {vamp, Str+5 Dex-2}
 43692 | Abyss:4  | Cast into level 4 of the Abyss (a deep elf demonologist)
 43761 | Depths:1 | Escaped the Abyss
 43871 | Depths:1 | Found a one-way gateway to a ziggurat.
 44311 | Depths:2 | Reached skill level 21 in Fighting
 44644 | Depths:2 | Noticed Norris
 44670 | Depths:2 | Killed Norris
 44791 | Depths:2 | Found a one-way gate leading to the halls of Pandemonium.
 45216 | Depths:2 | Found a stormy altar of Qazlal.
 45271 | Depths:2 | Identified the ring "Xatunit" {MP+9 Int+5 Dex+3}
 45880 | Depths:3 | Noticed Parghit
 46312 | Depths:3 | Hit by a large rock thrown by Parghit

Illustrated notes

Levels and vault maps discovered:
D:1:      shiori_arrival_maze, layout_basic
D:2:      layout_loops_cross, nicolae_ecumenical_snake_handling,
          skrybe_limestone_x, grunt_ministairs_13
D:3:      layout_rooms, uniq_terence
D:4:      minmay_polygon_palace, layout_loops_ring, kennysheep_mini
D:5:      layout_basic, nicolae_sif_muna_little_library
D:6:      layout_cave_pools, uniq_crazy_yiuf_cottage, uniq_pikel, uniq_jeremiah
D:7:      layout_loops_cross, minmay_temple_entry_offerings, uniq_maurice
D:8:      lemuel_insect_pit, layout_loops_ring, david_lair_generic
D:9:      layout_loops_cross
D:10:     layout_small_grid, grunt_temple_overflow_open, orc_0_dummy
D:11:     layout_loops_corners, zin_angel
D:12:     layout_long_grid, portal_ice_cave_entry_ice_simulacra, minivault_22,
          uniq_fannar
D:13:     layout_loops_cross, ximxim_vaults_locker_room,
          kennysheep_generic_room_3, uniq_erolcha
D:14:     layout_irregular_city, minmay_staircase_bubble
D:15:     hangedman_depths_entry_civil_slaughter, layout_cave_pods,
          hangedman_abyss_or_decor_lesser_grid, chequers_serial_rivers_small_a
Temple:   hellmonk_temple_two_chambers
Lair:1:   layout_chaotic_city, uniq_amaemon
Lair:2:   layout_gridlike, wad_woods_03
Lair:3:   layout_cave_pods, mainiacjoe_swamp_entry_lozenge_pond,
          spider_nest_entry_funnel_web, infiniplex_staircase_pool,
          uniq_gastronok
Lair:4:   kb_forest_paths, layout_loops_ring, minmay_slime_entry_oklob_enclosed,
          serial_bayou_shore_b
Lair:5:   hellmonk_lair_end_abyssal_woods, layout_regular_city,
          nzn_ghost_randoct
Swamp:1:  layout_falls_marsh, evilmike_swamp_ruin_house_1, uniq_aizul
Swamp:2:  layout_falls_marsh, basic_altar, hangedman_swamp_grove, uniq_louise
Swamp:3:  layout_falls_marsh, serial_swamp_ruin, evilmike_swamp_ruin_house_2,
          hangedman_swamp_ruin_hall, evilmike_swamp_ruin_house_5,
          swamp_pool_1_2, uniq_nikola
Swamp:4:  swamp_fiery, layout_basic_swamp
Spider:1: layout_spider_delve, special_room [special_room_bee]
Spider:2: layout_spider_delve, hangedman_spider_mandibles
Spider:3: layout_spider_delve, hellmonk_ghost_happy_afterlife,
          nicolae_spider_undead_wolf_pack
Spider:4: guppyfry_spider_rune
Orc:1:    layout_caves, enter_volcano_4, special_room [special_room_kobold],
          uniq_snorg
Orc:2:    st_orc_open, layout_caves
Elf:1:    layout_loops_cross
Elf:2:    nicolae_elf_blades_crystal_corner, layout_gridlike,
          serial_co_window_serial, co_window_corner_a,
          co_window_of_opportunity_a, co_window_paths_b, co_window_corner_a,
          co_window_paths_b, co_window_paths_a, co_window_corner_a,
          co_window_corner_a, co_window_of_opportunity_a, co_window_corner_b,
          co_window_corner_b, glass_columns_a, glass_columns_b,
          monkooky_shop_alliterative
Elf:3:    minmay_elf_hall_curves, layout_loops_corners, serial_nicolae_subway,
          nicolae_sub_station_metal, nicolae_sub_station_crystal,
          nicolae_sub_station_stone
Vaults:1: hangedman_vaults_corner, grunt_vaults_swirl, hangedman_vaults_nails,
          v_misc_15, nicolae_vaults_windows_and_doors_thing, v_misc_17,
          dpeg_vaults_monster_row, nicolae_vaults_lightning_bolt,
          tekkud_shop_of_orbs, nicolae_vaults_ring_of_whatevers, v_misc_4,
          nicolae_vaults_ring_of_whatevers, layout_vaults_big_room,
          serial_shops, nicolae_shop_bloodbath_and_beyond, shop, shop,
          nicolae_shop_overgrown_old_shop, uniq_saint_roka
Vaults:2: nicolae_vaults_inception_scallops, nicolae_vaults_what_the_h,
          ontoclasm_vaults_chip, hangedman_vaults_slither, hangedman_vaults_hat,
          vaults_room_fancy_cross, nicolae_vaults_mini_display_case,
          vaults_room_door_ring, vaults_standard_mumra_lines,
          minmay_crypt_entry_skeletal_spiral, nicolae_vaults_house_1,
          layout_vaults_ring, serial_shops, nicolae_square_shop, uniq_boris,
          uniq_asterion
Vaults:3: hangedman_vaults_stretched_pinwheel, nicolae_vaults_surprise_closet,
          nicolae_vaults_network_s, nicolae_vaults_house_2,
          nicolae_vaults_stepped_doors, v_alt_pattern_5,
          nicolae_vaults_little_squares_3, v_alt_pattern_1, grunt_vaults_twisty,
          nicolae_vaults_diagonal_hallway_8, nicolae_vaults_border_crossing,
          layout_vaults_omnigrid, serial_shops, nicolae_shop_tiny_statue_garden,
          serial_glass, enter_trove_2
Vaults:4: mu_enter_wizlab_4, nicolae_vaults_storage_room_glass,
          vaults_room_fours, v_misc_5, nicolae_vaults_trapezoid_lopsided_3,
          nicolae_vaults_closet_pinwheel_5, ontoclasm_vaults_misaligned,
          nicolae_vaults_trapezoid_4, nicolae_vaults_network_quinsquares
          [nicolae_vaults_network_quincunx_subvault,
          nicolae_vaults_network_quincunx_subvault,
          nicolae_vaults_network_quincunx_subvault,
          nicolae_vaults_network_quincunx_subvault], hangedman_vaults_trim,
          grunt_vaults_bifocal, nicolae_vaults_apartment_1,
          nicolae_vaults_tangram_1, nicolae_vaults_wrenched, vaults_dpeg_ring,
          layout_vaults_omnicross
Depths:1: minmay_guarded_unrand_majin_bo, layout_gridlike, enter_ziggurat_b,
          nrook_uturn, nicolae_abyss_entry_one_way_or_another, hell_entry,
          library_closet, lemuel_flamethrower_3
Depths:2: regret_index_qazlal_generations, layout_cave_shapes, pan_entry,
          hell_entry, abyss_entry, serial_bayou_shore_b, uniq_norris
Depths:3: cheibrodos_cascadia, layout_honeycomb, serial_shops,
          nicolae_shop_back_alley_shop, pf_vacation_house_of_asmodeus,
          hangedman_abyss_entry_splay, nicolae_figureground_sparkle,
          serial_glass, glass_columns_c, glass_columns_b, glass_columns_c,
          glass_columns_a, minmay_fire_ice_demons, uniq_parghit

Skill      XL: |  1  2  3  4  5  6  7  8  9 10 11 12 13 14 15 16 17 18 19 20 21 22 |
---------------+-------------------------------------------------------------------+-----
Axes           | 2 3 4 5 6 7 9 10 12 13 15 16 17 18 19 20 | 20.2
Dodging        | 1 2 3 4 5 6 8 9 11 12 | 12.0
Fighting       | 4 5 6 7 8 9 10 12 13 14 15 17 18 19 20 21 | 21.3
Ranged Weapons | 1 3 |  3.1
Armour         | 3 4 6 7 9 10 12 14 | 14.9
Shields        | 3 4 6 7 9 11 12 14 | 14.8
Stealth        | 1 5 8 10 11 | 11.2
Shapeshifting  | 7 10 12 | 12.7

Action                     |  1- 3 |  4- 6 |  7- 9 | 10-12 | 13-15 | 16-18 | 19-21 | 22-24 || total
---------------------------+-------+-------+-------+-------+-------+-------+-------+-------++-------
  Melee: War axe           |   109 |   149 |   345 |   814 |   566 |       |       |       ||  1983
         Broad axe         |       |       |       |       |   361 |  1705 |  1765 |   895 ||  4726
         Unarmed           |       |       |       |       |       |       |    11 |       ||    11
   Fire: Greatsling        |       |       |     4 |       |       |       |       |       ||     4
 Invoke: Potion Petition   |       |       |       |     4 |     3 |     9 |     7 |     2 ||    25
         Call Merchant     |       |       |       |       |     2 |       |       |       ||     2
  Evoke: Wand              |       |       |    22 |     2 |       |       |     4 |       ||    28
    Use: Scroll            |     1 |     6 |     9 |     5 |    16 |     9 |    11 |     4 ||    61
         Potion            |       |     3 |     7 |     3 |     3 |     1 |     5 |       ||    22
   Stab: Sleeping          |     1 |       |     1 |       |       |       |     8 |     8 ||    18
         Paralysed         |       |       |     5 |       |       |       |       |       ||     5
         Distracted        |       |       |       |     8 |     7 |    17 |    22 |     8 ||    62
         Confused          |       |       |       |       |       |       |     3 |       ||     3
 Armour: Scale mail        |    85 |   107 |   210 |       |       |       |       |       ||   402
         Plate armour      |       |       |    29 |   490 |   641 |  1158 |   896 |   364 ||  3578
         Skin              |       |       |       |       |       |       |    21 |       ||    21
  Dodge: Dodged            |    57 |   115 |   308 |   642 |   704 |  1081 |   879 |   510 ||  4296
  Block: Buckler           |    19 |    46 |    72 |   253 |   180 |       |       |       ||   570
         Kite shield       |       |       |       |       |   303 |  1489 |  1217 |   996 ||  4005
         Form:             |       |       |       |       |       |       |     1 |       ||     1
         Death             |       |       |       |       |       |       |     1 |       ||     1

Table legend: (Time is in decaauts)
 A = Elapsed time spent in this place.
 B = Non-inter-level travel time spent in this place.
 C = Inter-level travel time spent in this place.
 D = Time resting spent in this place.
 E = Time spent auto-exploring this place.
 F = Levels seen in this place.
 G = Mean time per level.
                   A        B        C        D        E       F      G
               +--------+--------+--------+--------+--------+-----+--------+
         Total |  45684 |  41461 |   4223 |   1803 |  28048 |  49 |  932.3 |
       Dungeon |  14745 |  13176 |   1569 |    752 |   9186 |  15 |  983.0 |
        Temple |     12 |     12 |      0 |      0 |      0 |   1 |   12.0 |
          Lair |   8198 |   6971 |   1227 |    434 |   4945 |   5 | 1639.6 |
         Swamp |   3096 |   2884 |    212 |     34 |   1958 |   4 |  774.0 |
   Spider Nest |   3629 |   3368 |    261 |     20 |   2380 |   4 |  907.2 |
  Orcish Mines |   1611 |   1426 |    185 |     45 |    865 |   2 |  805.5 |
   Elven Halls |   3344 |   3218 |    126 |     54 |   2165 |   3 | 1114.7 |
        Vaults |   6169 |   5678 |    491 |    167 |   3951 |   4 | 1542.2 |
        Depths |   3033 |   2883 |    150 |      0 |   1914 |   3 | 1011.0 |
         Abyss |    295 |    295 |      0 |      0 |    113 |   5 |   59.0 |
      Ice Cave |    619 |    619 |      0 |    127 |    225 |   1 |  619.0 |
       Volcano |    296 |    296 |      0 |      0 |    139 |   1 |  296.0 |
        Wizlab |    632 |    632 |      0 |    167 |    204 |   1 |  632.0 |
               +--------+--------+--------+--------+--------+-----+--------+

Top non-repeatable levels by time:
  Lair:3: 2228 daAuts
Vaults:3: 1813 daAuts
  Lair:4: 1723 daAuts
  Lair:5: 1627 daAuts
Depths:2: 1590 daAuts
Vaults:2: 1554 daAuts
  Lair:2: 1522 daAuts
Vaults:1: 1511 daAuts
     D:6: 1488 daAuts
   Elf:3: 1413 daAuts
    D:13: 1382 daAuts
Vaults:4: 1289 daAuts
   Elf:2: 1244 daAuts
     D:8: 1115 daAuts
    D:11: 1100 daAuts
